Unix NetHack Version 5.0.0-0 post-release - last build Jun 10 2026 00:39:30 (3ee93aec679c4c4259841fe613dc97188e26a321,branch:main).

Game began 2026-06-27 02:34:03, ended 2026-06-27 03:21:13.

JohnDarcy, neutral male human Tourist

                            --------------------
                            |.-...........^>...|
                            |.|------------....---
                            |@Y.......|---|.-....|
                            --|)h@....|...|...--.|
                              |.....%.|..........|
                              |...=...|-.--.-....|
                              |.......|...|....-.|
                              |.......|.`....-`..|
                              |.......|.|..-...-.|
                              ----------|```.....|
                                        |....|.---
                                        --------

JohnDarcy the Excursionist  St:8 Dx:16 Co:15 In:11 Wi:11 Ch:18  Neutral
Dlvl:3  $:0  HP:0(47) Pw:40(40) AC:-1 Xp:7 T:4074  Burdened

Latest messages:
 The 2nd runed arrow hits the lynx.
 The 3rd runed arrow misses the lynx.
 The 3rd runed arrow hits the large cat.
 The Green-elf shoots 4 runed arrows!
 The 1st runed arrow misses the owlbear.
 The 1st runed arrow misses the large cat.
 You are hit by the 1st runed arrow.
 The 2nd runed arrow hits the owlbear.
 The 3rd runed arrow hits the owlbear.
 The 4th runed arrow hits the owlbear.
 You hear some noises.
 You hear some noises in the distance.
 There is an open door here.
 You see here a runed arrow.
 The large cat bites the fog cloud.
 The fog cloud misses the large cat.
 There are several objects here.
 You hear some noises.
 You have a sad feeling for a moment, then it passes.
 The giant beetle bites!
 What do you want to use or apply? [cmBHK or ?*] c
 In what direction? 6
 The giant beetle is blinded by the flash!
 The giant beetle turns to flee.
 What do you want to throw? [aM or ?*] a
 In what direction? 6
 The dart hits the giant beetle.
 What do you want to throw? [aM or ?*] a
 In what direction? 6
 The dart hits the giant beetle.
 The giant beetle bites!
 What do you want to throw? [aM or ?*] a
 In what direction? 6
 The dart hits the giant beetle.
 What do you want to throw? [aM or ?*] a
 In what direction? 6
 The dart hits the giant beetle.
 The giant beetle bites!
 What do you want to throw? [aM or ?*] a
 In what direction? 6
 You kill the giant beetle!
 The Green-elf wields a runed bow!
 The owlbear hits!
 The owlbear hits again!
 You die...
 Do you want your possessions identified? [ynq] (y) y
 Do you want to see your attributes? [ynq] (y) y
 Do you want an account of creatures vanquished? [ynaq] (y) y
 Do you want to see your conduct and achievements? [ynq] (y) y
 Do you want to see the dungeon overview? [ynq] (y) y

Inventory:
 Weapons  (')')
  M - a +0 elven arrow
  a - 22 +2 darts (at the ready)
 Armor    ('[')
  t - an uncursed +0 orcish helm (being worn)
  L - an uncursed +1 elven shield (being worn)
  N - an uncursed +0 elven cloak (being worn)
  k - an uncursed +0 Hawaiian shirt with a parrot motif (being worn)
  u - an uncursed +0 bronze plate mail (being worn)
 Comestibles  ('%')
  A - an uncursed apple
  h - an uncursed clove of garlic
  E - 2 uncursed food rations
  I - an uncursed fortune cookie
  n - 2 uncursed lichen corpses
 Potions  ('!')
  i - an uncursed potion of extra healing
  o - 3 uncursed potions of healing
  w - 3 cursed potions of healing
  x - an uncursed potion of speed
 Wands    ('/')
  B - a wand of enlightenment (0:13)
  H - a wand of fire (0:0)
  K - a wand of stasis (0:3)
 Tools    ('(')
  m - an uncursed credit card
  c - an expensive camera (0:47)

JohnDarcy the Tourist's attributes:

Background:
 You were an Excursionist, a level 7 male human Tourist.
 You were neutral, on a mission for The Lady
 who was opposed by Blind Io (lawful) and Offler (chaotic).
 You were right-handed.
 You were in Sokoban, on level 3.
 You entered the dungeon 4074 turns ago.
 It was nighttime.
 You had 740 experience points, 540 more were needed to attain level 8.

Basics:
 You had 0 out of 47 hit points.
 You had all 40 energy points (spell power).
 Your armor class was -1.
 Your wallet was empty.
 Autopickup was off.

Final Characteristics:
 Your strength was 8 (peak:10, limit:18/100).
 Your dexterity was 16 (limit:18).
 Your constitution was 15 (limit:18).
 Your intelligence was 11 (limit:18).
 Your wisdom was 11 (limit:18).
 Your charisma was 18 (limit:18).

Final Status:
 You weren't hungry.
 You were burdened; movement was slightly slowed.
 You were bare handed.
 You were unskilled in bare handed combat.

Final Attributes:
 You were piously aligned.
 You were stealthy.
 You were warded.
 You were fast.
 You are dead.

Miscellaneous:
 You didn't encounter any bones levels.
 Total elapsed playing time was 47 minutes and 9 seconds.

Major events:
 Turn
    1: JohnDarcy the neutral male human Tourist entered the dungeon
 1346: attained the rank of Sightseer (level 3)
 2102: entered Sokoban
 2610: completed 1st Sokoban level
 3095: completed 2nd Sokoban level
 3360: attained the rank of Excursionist (level 6)
 3682: completed 3rd Sokoban level
 4074: killed by an owlbear

You didn't know any spells.

Skills:
 Fighting Skills
   bare handed combat [Unskilled]
   two weapon combat  [Unskilled]
   riding             [Unskilled]
 Weapon Skills
   dagger             [Unskilled]
   knife              [Unskilled]
   axe                [Unskilled]
   pick-axe           [Unskilled]
   short sword        [Unskilled]
   broadsword         [Unskilled]
   long sword         [Unskilled]
   two-handed sword   [Unskilled]
   saber              [Unskilled]
   mace               [Unskilled]
   morning star       [Unskilled]
   flail              [Unskilled]
   hammer             [Unskilled]
   quarterstaff       [Unskilled]
   polearms           [Unskilled]
   spear              [Unskilled]
   trident            [Unskilled]
   lance              [Unskilled]
   bow                [Unskilled]
   sling              [Unskilled]
   crossbow           [Unskilled]
   dart               [Basic]
   shuriken           [Unskilled]
   boomerang          [Unskilled]
   whip               [Unskilled]
   unicorn horn       [Unskilled]
 Spellcasting Skills
   divination spells  [Unskilled]
   enchantment spells [Unskilled]
   escape spells      [Unskilled]

Voluntary challenges:
 Character rerolling was not enabled.
 You were vegetarian.
 You never genocided any monsters.
 You never polymorphed an object.
 You never changed form.
 You used no wishes.
 You did not violate any of the special Sokoban rules.
Achievements:
 You entered a shop.
 You attained the rank of Sightseer.
 You entered Sokoban.
 You attained the rank of Excursionist.

 The Dungeons of Doom: levels 1 to 6
    Level 1:
       An altar.
    Level 2:
       A weapon shop, a fountain.
    Level 3:
       A fountain.
    Level 4:
    Level 5:
       Many fountains.
       Oracle of Delphi.
    Level 6:
       Some fountains.
       Stairs up to Sokoban, level 5.
 Sokoban: levels 5 up to 3
    Level 3: <- You were here.
       Solved.
       Final resting place for
          you, killed by an owlbear.
    Level 4:
       Solved.
    Level 5:
       Solved.


Vanquished creatures:
  a large dog
  a large cat
 an ettin zombie
  2 giant beetles
  a panther
  a leprechaun
  a brown pudding
  a gold golem
  3 Green-elves
  2 chickatrices
  2 dingoes
  a white unicorn
  a dust vortex
  3 apes
  a fog cloud
  a gnome leader
  a kobold mummy
  a gray ooze
  a paper golem
  2 giant ants
  a floating eye
  a homunculus
  2 hill orcs
  a rothe
  a giant bat
 an iguana
  3 acid blobs
  2 gas spores
  a hobgoblin
  2 cave spiders
  a red mold
  3 garter snakes
  8 geckos
  a jackal
  3 goblins
  6 grid bugs
  5 lichens
  2 kobold zombies
  6 newts
78 creatures vanquished.

No species were genocided or became extinct.

Game over:
                       ----------
                      /          \
                     /    REST    \
                    /      IN      \
                   /     PEACE      \
                  /                  \
                  |    JohnDarcy     |
                  |       0 Au       |
                  |   killed by an   |
                  |     owlbear      |
                  |                  |
                  |                  |
                  |       2026       |
                 *|     *  *  *      | *
        _________)/\\_//(\/(/\)/\//\/|_)_______

Aloha JohnDarcy the Tourist...

You died in Sokoban on dungeon level 3 with 3270 points,
and 0 pieces of gold, after 4074 moves.
You were level 7 with a maximum of 47 hit points when you died.

